 Dungeon Crawl Stone Soup version 0.24-a0-537-g2d01d4ab0a (webtiles) character file.

Game seed: 1636191878123125300

9 Holzbalken the Cudgeler (level 2, -5/22 HPs)
             Began as a Demonspawn Gladiator on Aug 16, 2019.
             Slain by a worm (6 damage)
             ... on level 3 of the Dungeon.
             The game lasted 00:01:13 (539 turns).

Holzbalken the Cudgeler (Demonspawn Gladiator)       Turns: 539, Time: 00:01:14

Health: -5/22      AC:  4    Str: 14    XL:     2   Next: 6%
Magic:  2/2        EV: 12    Int:  9    God:
Gold:   6          SH:  0    Dex: 14    Spells: 1/1 levels left

rFire    . . .     SeeInvis .   a - +0 flail
rCold    . . .     Gourm    .   (no shield)
rNeg     . . .     Faith    .   b - +0 leather armour
rPois    .         Spirit   .   c - +0 helmet
rElec    .         Reflect  .   (no cloak)
rCorr    .         Harm     .   (no gloves)
MR       .....                  (no boots)
Stlth    ++........             (no amulet)
HPRegen  0.07/turn              (no ring)
MPRegen  0.08/turn              (no ring)

@: no status effects
A: nightstalker 1
a: no special abilities


You were on level 3 of the Dungeon.
You were not hungry.

You visited 1 branch of the dungeon, and saw 3 of its levels.

You collected 6 gold pieces.

Inventory:

Hand Weapons
 a - a +0 flail (weapon)
Missiles
 d - 3 throwing nets (quivered)
Armour
 b - a +0 leather armour (worn)
 c - a +0 helmet (worn)
Scrolls
 g - 3 scrolls of remove curse {unknown}
 i - 2 scrolls of identify {unknown}
 j - a scroll of immolation {unknown}
 k - a scroll of enchant weapon {unknown}
Potions
 e - a potion of invisibility {unknown}
Comestibles
 f - a ration
 h - 6 chunks of flesh


   Skills:
 - Level 2.0 Fighting
 + Level 3.3 Maces & Flails
 - Level 1.7 Throwing
 - Level 2.6 Dodging


You had one spell level left.
You didn't know any spells.
Your spell library was empty.

Dungeon Overview and Level Annotations

Branches:
Dungeon (3/15)

Altars:


Innate Abilities, Weirdness & Mutations

You are slightly more attuned to the shadows.


Message History

* * * LOW HITPOINT WARNING * * *
You completely miss the worm.
The worm is severely wounded.
The hobgoblin hits you but does no damage.
The goblin hits you but does no damage. The worm barely misses you.
The hobgoblin closely misses you.
You hit the worm.
The worm is severely wounded.
The goblin closely misses you. The hobgoblin hits you with a +0 club.
* * * LOW HITPOINT WARNING * * *
The worm closely misses you.
You hit the worm but do no damage.
The worm is severely wounded.
The goblin closely misses you. The hobgoblin hits you with a +0 club.
* * * LOW HITPOINT WARNING * * *
The goblin closely misses you.
You barely miss the worm.
The worm is severely wounded.
The hobgoblin misses you. The worm bites you.
You die...

####### #.....###
### #....).. ..#
#.....########.#
#............#.#
#............#.#
###.....g......#w#
...(.....#######@#
...............gg#
.........#########
##########


You could see a worm, a hobgoblin and a goblin.

Vanquished Creatures
  A goblin (D:1)
  5 hobgoblins
  A kobold (D:1)
7 creatures vanquished.

Notes
Turn   | Place    | Note
-------+----------+-------------------------------------------
     0 | D:1      | Holzbalken the Demonspawn Gladiator began the quest for the
                  | Orb.
     0 | D:1      | Reached XP level 1. HP: 16/16 MP: 1/1
    36 | D:1      | Reached skill level 3 in Maces & Flails
   370 | D:1      | Gained mutation: You are slightly more attuned to the
                  | shadows. [demonic ancestry]
   370 | D:1      | Reached XP level 2. HP: 20/22 MP: 2/2
   538 | D:3      | HP: 1/22 [hobgoblin/+0 club (1)]
   539 | D:3      | Slain by a worm

Levels and vault maps discovered:
D:1:      tarquinn_simple_flora_water_e, layout_basic, serial_aquarium,
          aquarium_bridge_straight [aquarium_subvault_bridge,
          aquarium_subvault_wall, aquarium_subvault_bridge,
          aquarium_subvault_wall], aquarium_window_2, aquarium_window_fake,
          aquarium_window_1, aquarium_window_fake, aquarium_view_2d,
          aquarium_view_2d, chequers_serial_rivers_large_a, minivault_4
D:2:      layout_basic, grunt_temple_overflow_order_and_chaos_2,
          cheibriados_altar_1, okawaru_gym_becter
D:3:      layout_basic

Skill      XL: |  1 |
---------------+----+-----
Maces & Flails | 3 |  3.3
Fighting       | |  2.0
Throwing       | |  1.7
Dodging        | |  2.6

Action                   || total
-------------------------++-------
Melee: Flail             ||    29
 Stab: Sleeping          ||     1
Armor: Leather armour    ||    10
Dodge: Dodged            ||    53

Table legend:
 A = Non-vault XP
 B = Vault XP
 C = Vault XP percentage of total XP
 D = Non-vault monster count
 E = Vault monster count
 F = Vault count percentage of total count
                 A         B        C        D         E       F
            +---------+---------+-------+---------+---------+-------
      Total |      14 |       0 |   0.0 |       7 |       0 |   0.0
            +---------+---------+-------+---------+---------+-------
        D:1 |      12 |       0 |   0.0 |       6 |       0 |   0.0
        D:2 |       2 |       0 |   0.0 |       1 |       0 |   0.0
            +---------+---------+-------+---------+---------+-------
